Map: Site Delta LE

Players

McNasty

  • Race: Terran Terran
  • League: Platinum
  • Spawn Location: 11:00

DiddleMeDady - Winner!

  • Race: Terran Terran
  • League: Platinum
  • Spawn Location: 5:00

VOD

Have the link to the VOD?

Description

Time

  • Played on: Sept. 18, 2024, 1:48 a.m.
  • Length: 20:12
Show
View Real Time Build Order
Export as new Build Order

McNasty Terran 

Build Orders: Reaper Expand 

Get SALT Encoding   

  12  0:00  SCV  
  13  0:12  SCV  
  14  0:17  Supply Depot  
  14  0:24  SCV  
  15  0:38  SCV  
  15  0:39  Barracks  
  16  0:44  Refinery  
  16  0:50  SCV  
  17  1:02  SCV  
  18  1:15  SCV  
  19  1:27  Supply Depot  
  19  1:29  Orbital Command  
  19  1:30  Reaper  
  20  1:47  Command Center  
  20  1:54  SCV  
  20  2:00  Refinery  
  21  2:07  Marine  
  22  2:10  SCV, Factory  
  23  2:22  SCV  
  24  2:28  Barracks Reactor  
  24  2:34  SCV  
  25  2:47  SCV  
  26  2:52  Supply Depot  
  26  2:54  Starport  
  26  3:01  Cyclone  
  26  3:04  Marine x2  
  30  3:09  SCV  
  31  3:21  SCV  
  31  3:22  Marine x2  
  31  3:27  Orbital Command, Refinery  
  34  3:32  Starport Tech Lab  
  34  3:33  SCV  
  35  3:34  Factory Tech Lab  
  35  3:40  Marine x2  
  37  3:45  SCV  
  38  3:52  SCV  
  39  3:56  Raven  
  39  3:57  SCV, Siege Tank  
  39  4:01  Marine x2  
  47  4:04  SCV  
  47  4:06  Interference Matrix  
  47  4:09  Supply Depot, SCV  
  49  4:16  SCV  
  50  4:19  Marine x2  
  50  4:21  SCV  
  53  4:28  SCV  
  53  4:30  Supply Depot, Siege Tank  
  57  4:34  SCV  
  57  4:37  Raven  
  60  4:40  SCV  
  61  4:46  SCV  
  61  4:49  Command Center  
  62  4:53  Supply Depot, SCV  
  62  4:58  SCV  
  64  5:02  Siege Tank  
  64  5:05  SCV  
  68  5:10  SCV  
  69  5:15  Raven  
  69  5:16  Supply Depot  
  69  5:17  SCV  
  69  5:20  Barracks  
  72  5:21  Barracks  
  72  5:27  SCV  
  72  5:28  Marine  
  72  5:29  Marine  
  72  5:34  Siege Tank  
  77  5:35  Refinery  
  77  5:37  Supply Depot  
  77  5:38  Supply Depot  
  77  5:42  SCV x2, Engineering Bay x2  
  79  5:54  SCV  
  79  5:55  SCV  
  81  6:00  Supply Depot  
  81  6:01  Supply Depot, Orbital Command  
  81  6:06  Siege Tank, Starport Reactor  
  81  6:10  Barracks Reactor  
  84  6:13  Terran Infantry Weapons Level 1  
  84  6:16  Terran Infantry Armor Level 1  
  84  6:19  SCV x2  
  84  6:25  Stimpack  
  86  6:28  Supply Depot  
  86  6:29  Supply Depot  
  86  6:36  Orbital Command, Marine  
  86  6:37  Marine x2  
  89  6:42  Barracks  
  89  6:44  Barracks  
  89  6:48  Marine x2  
  89  6:53  SCV x2  
  93  6:54  Marine x2  
  93  6:56  Supply Depot  
  93  6:58  Marine  
  95  7:05  SCV x2, Marine  
  95  7:06  Marine  
  99  7:09  Armory  
  99  7:11  SCV  
  99  7:13  Marine x2  
  102  7:17  SCV x2  
  104  7:23  SCV  
  104  7:29  SCV x2  
  110  7:30  Siege Tank, Medivac x2  
  110  7:32  Barracks Reactor x2  
  110  7:35  SCV  
  115  7:41  SCV  
  115  7:42  SCV  
  117  7:46  Marine x5  
  117  7:47  SCV  
  117  7:51  Supply Depot  
  123  7:52  Supply Depot, Refinery  
  123  7:53  SCV  
  123  7:54  SCV, Refinery  
  125  7:58  Sensor Tower  
  125  7:59  SCV  
  125  8:04  Marine x5  
  125  8:05  Combat Shield  
  125  8:20  Missile Turret  
  125  8:21  Missile Turret  
  125  8:22  Supply Depot, Missile Turret  
  125  8:23  Missile Turret  
  125  8:25  Supply Depot  
  116  8:43  Marine x5  
  116  8:44  Marine x4  
  116  8:46  Terran Vehicle Weapons Level 1, Terran Infantry Armor Level 2, Terran Infantry Weapons Level 2  
  116  8:48  Factory  
  125  8:59  SCV  
  125  9:00  SCV x2  
  125  9:01  Marine  
  129  9:04  Command Center  
  129  9:07  Viking x2  
  129  9:09  Siege Tank, Marine x6  
  142  9:10  Marine  
  142  9:11  SCV  
  142  9:12  SCV x2  
  146  9:24  SCV  
  147  9:28  Sensor Tower  
  147  9:29  Marine  
  147  9:30  Marine x8  
  156  9:34  Factory Tech Lab  
  156  9:37  Sensor Tower  
  156  9:45  SCV x3  
  157  9:46  Missile Turret  
  157  9:47  Marine  
  160  9:56  Marine x8  
  160  9:57  SCV, Viking x2  
  160  9:58  SCV x2  
  175  10:05  Marine  
  175  10:07  Missile Turret  
  176  10:09  SCV  
  176  10:10  SCV x2  
  176  10:13  Missile Turret  
  176  10:14  Marine x8  
  179  10:21  Refinery  
  187  10:23  Marine, Refinery  
  188  10:31  Marine  
  188  10:32  Marine  
  188  10:33  Barracks x2  
  188  10:35  Barracks  
  190  10:37  Viking x2  
  190  10:39  Starport  
  190  10:40  Siege Tank x2  
  190  10:41  Starport  
  196  11:22  Missile Turret  
  185  11:50  Terran Infantry Armor Level 3, Terran Infantry Weapons Level 3  
  185  11:52  Terran Ship Weapons Level 1  
  185  11:53  Missile Turret  
  175  12:02  Marine x9  
  175  12:04  Barracks Reactor x3  
  184  12:19  Marine  
  184  12:20  Marine x4  
  184  12:22  Command Center x2  
  189  12:29  Missile Turret  
  189  12:30  Orbital Command  
  189  12:39  Missile Turret  
  189  12:41  Missile Turret  
  189  12:43  Missile Turret  
  189  12:44  Missile Turret x2  
  185  12:57  Marine x9  
  185  12:58  Marine x3  
  101  13:22  Marine  
  101  13:23  Siege Tank x2  
  101  13:24  Viking x2  
  101  13:25  Marine x14  
  106  13:40  Marine  
  107  13:42  Orbital Command  
  107  13:43  Marine x12  
  107  13:45  Starport Tech Lab, Starport Reactor  
  107  13:46  Marine x2  
  115  13:54  Medivac  
  115  13:55  Siege Tank  
  115  13:56  Siege Tank  
  115  13:58  Marine  
  115  14:00  Marine  
  115  14:01  Marine x11  
  127  14:04  Marine x2  
  124  14:15  Marine  
  125  14:18  Marine  
  125  14:19  Marine x11  
  125  14:21  Marine, Refinery x2  
  125  14:22  Marine  
  139  14:33  Marine  
  139  14:36  Marine  
  141  14:40  Siege Tank x2  
  141  14:42  Sensor Tower  
  113  15:01  Marine  
  97  15:07  Marine x12  
  97  15:08  Marine x2  
  97  15:11  Viking x2  
  97  15:12  Siege Tank x2  
  119  15:25  Marine x5  
  124  15:39  Medivac x2  
  124  15:40  Medivac  
  124  15:41  Medivac x2  
  134  15:51  Marine  
  134  15:52  Marine x13  
  148  16:09  Command Center  
  148  16:10  Orbital Command, Command Center  
  113  16:22  Marine x9  
  113  16:24  Siege Tank x2  
  108  16:29  Marine  
  108  16:30  Marine x5  
  114  16:39  Marine, Barracks  
  114  16:40  Marine  
  114  16:41  Barracks  
  114  16:42  Barracks  
  114  16:45  Marine x4  
  114  16:46  Marine x3  
  123  16:47  Marine x3  
  123  16:48  Marine x2  
  128  16:56  Siege Tank x2  
  134  17:05  Marine x8  
  142  17:16  Terran Vehicle Weapons Level 2  
  142  17:23  Orbital Command x2  
  142  17:25  Orbital Command, Marine  
  142  17:28  Siege Tank x2  
  143  17:36  Marine  
  134  17:37  Marine x9  
  123  17:58  Marine x2  
  123  17:59  Marine x9  
  133  18:22  Siege Tank x2  
  133  18:23  Marine, Viking  
  133  18:24  Marine x4  
  142  18:53  Marine x9  
  142  18:54  Marine x6  
  129  19:08  Orbital Command  
  129  19:09  Viking x3  
  126  19:11  Marine x11  
  126  19:12  Orbital Command  
  122  19:27  Marine x4  
  122  19:28  Siege Tank  
  122  19:29  Marine x4  
  115  19:35  Marine  
  115  19:36  Marine x6  
  109  19:45  Marine x3  
  90  19:50  Marine x2  
Show
View Real Time Build Order
Export as new Build Order

DiddleMeDady Terran - Winner!

Build Orders: Reaper Expand 

Get SALT Encoding   

  12  0:00  SCV  
  13  0:12  SCV  
  14  0:26  Supply Depot  
  14  0:27  SCV  
  15  0:47  SCV  
  16  0:52  Barracks  
  16  0:55  Refinery  
  16  0:59  SCV  
  16  1:01  Barracks  
  17  1:12  SCV  
  18  1:24  SCV  
  19  1:39  Reaper  
  21  1:41  Orbital Command  
  21  1:42  Supply Depot  
  20  2:00  Refinery  
  20  2:09  Command Center  
  20  2:11  SCV  
  20  2:14  Barracks Tech Lab  
  21  2:23  SCV, Barracks Reactor  
  22  2:35  SCV, Marauder  
  25  2:47  SCV  
  25  2:52  Engineering Bay  
  25  2:55  Factory  
  25  2:59  SCV  
  25  3:04  Stimpack  
  26  3:05  Marine  
  26  3:06  Marine  
  26  3:11  SCV  
  29  3:14  Supply Depot  
  29  3:21  Terran Infantry Weapons Level 1  
  29  3:30  Supply Depot  
  29  3:32  Marine  
  30  3:36  Marine  
  31  3:41  Orbital Command  
  31  3:46  Factory Tech Lab  
  31  3:51  SCV  
  32  3:57  Starport  
  32  4:03  SCV  
  32  4:07  Siege Tank  
  36  4:10  SCV  
  36  4:15  Marine x2  
  36  4:16  SCV  
  40  4:22  SCV  
  41  4:27  Barracks  
  41  4:30  SCV  
  42  4:32  Marine  
  42  4:33  Marine  
  42  4:36  Starport Reactor  
  44  4:42  Marauder  
  44  4:44  Combat Shield  
  44  4:45  SCV x2  
  47  4:50  Refinery  
  48  4:52  Marine  
  48  4:53  Marine  
  48  4:57  Supply Depot, SCV x2  
  48  4:59  Siege Tank  
  55  5:06  Marauder  
  57  5:09  SCV  
  57  5:10  SCV  
  59  5:19  Terran Infantry Armor Level 1  
  59  5:21  SCV  
  59  5:22  SCV  
  61  5:30  Barracks  
  61  5:33  Supply Depot  
  61  5:41  Command Center  
  61  5:42  Liberator  
  64  5:44  SCV  
  65  5:50  Refinery  
  65  5:53  Armory  
  65  5:56  Supply Depot  
  65  5:58  SCV  
  65  5:59  SCV  
  65  6:01  Barracks Tech Lab  
  65  6:03  Concussive Shells  
  67  6:09  Siege Tank  
  67  6:11  SCV x2  
  72  6:13  Supply Depot  
  72  6:22  Engineering Bay  
  72  6:23  SCV, Barracks Reactor  
  72  6:25  Marauder  
  75  6:26  Marine x2  
  75  6:30  Medivac  
  79  6:36  Liberator  
  79  6:38  SCV x2  
  84  6:42  Marauder  
  84  6:45  Supply Depot  
  86  7:07  Marine x2  
  86  7:08  Marine, Marauder x2  
  93  7:09  Medivac  
  93  7:12  Siege Tank  
  98  7:16  Orbital Command  
  98  7:19  Medivac  
  98  7:20  SCV x2  
  102  7:23  Missile Turret  
  102  7:32  SCV  
  102  7:33  Marine x3  
  102  7:34  Marauder x2  
  102  7:36  SCV  
  111  7:44  Siege Tank  
  111  7:45  Refinery  
  95  8:33  Marine x2  
  95  8:34  Marine x2, Marauder x2  
  90  8:35  SCV x3  
  90  8:38  Liberator  
  90  8:39  Liberator  
  90  8:40  Siege Tank  
  89  8:45  Terran Infantry Weapons Level 2  
  89  8:46  Terran Infantry Armor Level 2  
  89  8:47  SCV x3, Barracks  
  86  8:48  Barracks  
  86  8:50  Barracks  
  86  8:51  Marine  
  86  8:52  Barracks  
  86  8:53  Supply Depot  
  86  8:55  Supply Depot, Marauder x2  
  91  8:59  SCV  
  91  9:01  Refinery  
  92  9:04  Marine x3  
  95  9:16  Factory, Marauder  
  99  9:17  SCV, Marauder  
  99  9:18  Starport  
  99  9:19  Marine  
  99  9:21  Marine, Medivac  
  99  9:22  Marine, Medivac  
  107  9:29  Command Center  
  107  9:33  Siege Tank  
  107  9:36  Barracks Tech Lab, Barracks Reactor  
  107  9:38  Marauder, Barracks Reactor  
  112  9:39  Marine  
  112  9:40  Marine, Marauder  
  112  9:43  Barracks Tech Lab  
  116  10:02  Factory Tech Lab  
  116  10:03  Starport Reactor  
  116  10:05  Siege Tank, Medivac x2  
  123  10:09  Marine x8  
  128  10:18  SCV x2  
  128  10:19  SCV  
  131  10:27  Marine x2  
  133  10:32  Command Center  
  133  10:33  Supply Depot  
  133  10:36  Supply Depot  
  133  10:40  SCV x3, Marine x6, Siege Tank x2  
  148  10:53  Command Center  
  148  10:55  Marine x3, Viking  
  148  10:57  Terran Ship Weapons Level 1  
  153  10:58  Marine, Marauder  
  153  10:59  Viking  
  158  11:12  Terran Infantry Weapons Level 3  
  158  11:13  Terran Infantry Armor Level 3  
  158  11:17  Siege Tank x2  
  164  11:24  Planetary Fortress  
  158  11:57  Missile Turret  
  159  12:01  SCV x2  
  159  12:03  Supply Depot  
  159  12:04  Viking x2  
  159  12:05  Medivac x2  
  159  12:07  Siege Tank x2  
  173  12:11  SCV x2  
  173  12:15  Planetary Fortress  
  175  12:22  Command Center  
  175  12:33  Marine x3, Command Center  
  175  12:34  Barracks Tech Lab, Marine, Marauder x3  
  175  12:36  Medivac  
  187  12:41  Supply Depot  
  187  12:43  Supply Depot  
  187  12:51  Supply Depot, Medivac  
  152  13:02  Marine x5  
  152  13:03  Marine x5, Marauder  
  152  13:04  Marauder  
  150  13:21  Marauder  
  147  13:27  Marine x11  
  158  13:42  Marine  
  158  13:44  Marine  
  158  13:45  Marine x7  
  165  13:54  SCV x2  
  164  13:55  Refinery  
  164  13:58  Missile Turret  
  164  13:59  Refinery  
  149  14:11  Marine x3, Marauder  
  149  14:12  Marine x2, Marauder x3  
  149  14:16  Command Center  
  162  14:17  Viking  
  162  14:18  Liberator  
  162  14:19  Missile Turret  
  162  14:21  Hi-Sec Auto Tracking  
  167  14:33  Marauder  
  167  14:36  Missile Turret  
  167  14:37  Starport  
  132  15:09  Marine x11  
  132  15:10  Marine  
  132  15:11  Medivac x2  
  148  15:26  SCV x2, Command Center  
  148  15:27  Marine x7  
  157  15:32  Planetary Fortress  
  157  15:44  Viking x2  
  157  15:46  Starport Tech Lab  
  157  15:49  Starport  
  161  15:50  Fusion Core  
  161  15:57  Neosteel Armor  
  161  15:58  Terran Ship Weapons Level 2, Missile Turret  
  161  16:01  Siege Tank x2  
  167  16:08  Armory  
  167  16:10  Starport  
  136  16:18  Missile Turret  
  128  16:41  Siege Tank x2  
  128  16:44  SCV x2  
  128  16:45  Planetary Fortress x2  
  136  16:48  SCV, Refinery  
  136  16:52  Starport Tech Lab  
  137  17:04  SCV x2  
  139  17:09  Refinery  
  139  17:12  Refinery  
  139  17:14  Missile Turret x2  
  139  17:16  Starport Tech Lab  
  139  17:17  Battlecruiser x2  
  139  17:19  Weapon Refit  
  139  17:20  Terran Vehicle And Ship Armor Level 1  
  139  17:22  Marine  
  151  17:23  Marine x4, Marauder x2  
  151  17:24  Marine x3, Marauder x2  
  159  17:39  Missile Turret  
  159  17:40  Marine  
  159  17:41  Viking  
  159  17:42  Viking x2  
  159  17:43  Battlecruiser  
  172  17:44  Marauder  
  172  17:45  Marauder x3  
  144  18:05  Marine x9  
  151  18:06  Marine x2, Marauder  
  151  18:09  Siege Tank x2  
  163  18:22  Battlecruiser, Marine  
  163  18:23  Marine x3  
  163  18:24  Marauder  
  163  18:25  Refinery  
  175  18:32  Battlecruiser  
  181  18:40  Marine x3  
  181  18:41  Marine x3, Marauder x3  
  191  18:45  Marauder  
  195  18:48  Liberator  
  192  19:02  Marauder x2  
  195  19:04  Marine x2  
  195  19:05  Marine, Marauder  
  195  19:07  Marauder  
  197  19:16  Siege Tank, Missile Turret  
  200  19:23  Marauder  
  195  19:39  Missile Turret  
  179  19:48  SCV  
  167  20:00  Command Center  
Tags
 
Add a new tag
Caveats
  • Supply blocks, unpowered buildings, or Contaminate may cause inaccurate times.
  • Supply counts are checked every 10 seconds.